General information
			
			
        
        - name: BNet
 
        - type: Ladder team game (AT/RT)
 
        - host: Battle.net
 
        - saver: TIMG4STRok
 
        
map: FullScaleAssault 
        - players: 8
 
        - length: 14:03
 
        - speed: Fast
 - version: 1.22 W3XP
 - replay type:  

 
» download(122 KB)
Players
        team 1 (winner) 
              
              
298739283939208 (
yellow | 74 APM | 1035 actions | 14:01)
              
 2 Warden 
 1 Shadow Strike
 1 Blink
 
                » actions 
                
                | Assign group hotkey | 29 |  | 
| Build / train | 51 |  | 
| Enter build submenu | 10 |  | 
| Enter hero's abilities submenu | 2 |  | 
| Remove unit from queue | 8 |  | 
| Right click | 382 |  | 
| Select / deselect | 139 |  | 
| Select group hotkey | 387 |  | 
| Use ability | 27 |  | 
                1035 total
 » units 
                » buildings
                
                | Altar of Elders | 1 |  | 
| Moon Well | 1 |  | 
| Tree of Life | 6 |  | 
                8 total
 » build order
                00:12 Altar of Elders
00:21 Moon Well
04:38 Tree of Life
05:08 Tree of Life
07:19 Tree of Life
08:58 Tree of Life
11:47 Tree of Life
12:53 Tree of Life
» items
                
                | Staff of Teleportation | 1 |  | 
| Boots of Speed | 1 |  | 
| Scroll of Healing | 1 |  | 
| Scroll of Protection | 1 |  | 
| Potion of Lesser Invulnerability | 1 |  | 
                5 total
  
               
              
              
NADMaN (
pink | 157 APM | 2201 actions | 14:01)
              
 4 Shadow Hunter 
 2 Hex
 2 Healing Wave
 4 Tauren Chieftain 
 2 Endurance Aura
 2 War Stomp
 
                » actions 
                
                | Assign group hotkey | 16 |  | 
| Basic commands | 116 |  | 
| Build / train | 56 |  | 
| ESC pressed | 5 |  | 
| Enter build submenu | 22 |  | 
| Enter hero's abilities submenu | 9 |  | 
| Give item / drop item | 6 |  | 
| Right click | 757 |  | 
| Select / deselect | 324 |  | 
| Select group hotkey | 803 |  | 
| Use ability | 87 |  | 
                2201 total
 » units 
                
                | Peon | 10 |  | 
| Grunt | 5 |  | 
| Kodo Beast | 1 |  | 
| Tauren | 3 |  | 
| Shaman | 2 |  | 
| Spirit Walker | 2 |  | 
                23 total
 » upgrades
                
                | Armor | 4 |  | 
| Shaman Training | 2 |  | 
| Spirit Walker Training | 2 |  | 
| War Drums Damage Increase | 1 |  | 
| Pulverize | 1 |  | 
| Melee Weapons | 1 |  | 
| Witch Doctor Training | 1 |  | 
| Reinforced Defenses | 1 |  | 
                13 total
 » buildings
                
                | Barracks | 1 |  | 
| Altar of Storms | 1 |  | 
| Orc Burrow | 7 |  | 
| Stronghold | 3 |  | 
| War Mill | 2 |  | 
| Voodoo Lounge | 1 |  | 
| Fortress | 2 |  | 
| Spirit Lodge | 2 |  | 
| Beastiary | 2 |  | 
| Tauren Totem | 2 |  | 
                23 total
 » build order
                00:05 Barracks
00:10 Altar of Storms
00:21 Orc Burrow
00:47 Orc Burrow
01:59 Stronghold
02:00 Stronghold
02:28 War Mill
02:45 War Mill
02:48 Orc Burrow
02:53 Voodoo Lounge
03:40 Orc Burrow
04:22 Fortress
04:22 Fortress
04:30 Spirit Lodge
04:32 Spirit Lodge
04:33 Beastiary
04:50 Beastiary
05:03 Orc Burrow
05:07 Orc Burrow
05:12 Orc Burrow
06:44 Tauren Totem
06:45 Tauren Totem
» items
                
                | Healing Salve | 1 |  | 
| Orb of Lightning | 1 |  | 
                2 total
  
               
              
              
TIMG4STRok (
red | 59 APM | 830 actions | 14:03)
              
 3 Blademaster 
 2 Wind Walk
 1 Critical Strike
 
                » actions 
                
                | Assign group hotkey | 1 |  | 
| Basic commands | 39 |  | 
| Build / train | 19 |  | 
| Enter build submenu | 2 |  | 
| Enter hero's abilities submenu | 3 |  | 
| Right click | 485 |  | 
| Select / deselect | 109 |  | 
| Select group hotkey | 150 |  | 
| Use ability | 22 |  | 
                830 total
 » units 
                » buildings
                
                | Altar of Storms | 1 |  | 
| Orc Burrow | 1 |  | 
                2 total
 » build order
                00:08 Altar of Storms
00:20 Orc Burrow
» items
                
                | Boots of Speed | 1 |  | 
| Staff of Teleportation | 1 |  | 
| Lesser Clarity Potion | 1 |  | 
| Scroll of Protection | 1 |  | 
| Scroll of Healing | 1 |  | 
                5 total
  
               
              
              
YEAHSHESASSBATS (
teal | 97 APM | 1356 actions | 14:01)
              
 4 Death Knight 
 2 Death Coil
 2 Unholy Aura
 2 Lich 
 2 Frost Nova
 3 Dreadlord 
 2 Sleep
 1 Carrion Swarm
 
                » actions 
                
                | Assign group hotkey | 21 |  | 
| Basic commands | 131 |  | 
| Build / train | 46 |  | 
| Enter build submenu | 15 |  | 
| Enter hero's abilities submenu | 10 |  | 
| Give item / drop item | 1 |  | 
| Right click | 516 |  | 
| Select / deselect | 222 |  | 
| Select group hotkey | 329 |  | 
| Use ability | 65 |  | 
                1356 total
 » units 
                
                | Acolyte | 2 |  | 
| Ghoul | 2 |  | 
| Crypt Fiend | 5 |  | 
| Frost Wyrm | 5 |  | 
                14 total
 » upgrades
                
                | Web | 1 |  | 
| Creature Attack | 3 |  | 
| Creature Carapace | 3 |  | 
| Freezing Breath | 1 |  | 
                8 total
 » buildings
                
                | Crypt | 1 |  | 
| Graveyard | 1 |  | 
| Altar of Darkness | 1 |  | 
| Ziggurat | 7 |  | 
| Tomb of Relics | 1 |  | 
| Halls of the Dead | 2 |  | 
| Black Citadel | 1 |  | 
| Sacrificial Pit | 1 |  | 
| Boneyard | 3 |  | 
                18 total
 » build order
                00:06 Crypt
00:18 Graveyard
00:28 Altar of Darkness
00:46 Ziggurat
01:12 Tomb of Relics
01:44 Ziggurat
02:05 Halls of the Dead
02:05 Halls of the Dead
03:14 Ziggurat
03:39 Ziggurat
04:34 Black Citadel
04:41 Ziggurat
05:24 Ziggurat
06:35 Sacrificial Pit
07:50 Boneyard
07:51 Boneyard
07:55 Boneyard
10:38 Ziggurat
» items
                
                | Rod of Necromancy | 1 |  | 
| Potion of Healing | 1 |  | 
| Potion of Mana | 2 |  | 
| Dust of Appearance | 1 |  | 
| Orb of Corruption | 1 |  | 
| Scroll of Town Portal | 2 |  | 
                8 total
  
               team 2 (loser) 
              
              
CN.Derz (
green | 90 APM | 1178 actions | 13:02)
              
 4 Death Knight 
 2 Death Coil
 2 Unholy Aura
 1 Lich 
 1 Frost Nova
 
                » actions 
                
                | Assign group hotkey | 23 |  | 
| Basic commands | 58 |  | 
| Build / train | 38 |  | 
| ESC pressed | 3 |  | 
| Enter build submenu | 15 |  | 
| Enter hero's abilities submenu | 5 |  | 
| Give item / drop item | 1 |  | 
| Right click | 518 |  | 
| Select / deselect | 283 |  | 
| Select group hotkey | 185 |  | 
| Use ability | 49 |  | 
                1178 total
 » units 
                
                | Acolyte | 4 |  | 
| Ghoul | 4 |  | 
| Crypt Fiend | 9 |  | 
| Frost Wyrm | 2 |  | 
                19 total
 » upgrades
                
                | Creature Attack | 1 |  | 
| Burrow | 1 |  | 
| Web | 1 |  | 
| Creature Carapace | 1 |  | 
                4 total
 » buildings
                
                | Graveyard | 1 |  | 
| Crypt | 1 |  | 
| Ziggurat | 7 |  | 
| Altar of Darkness | 1 |  | 
| Tomb of Relics | 1 |  | 
| Halls of the Dead | 1 |  | 
| Sacrificial Pit | 1 |  | 
| Black Citadel | 1 |  | 
| Boneyard | 2 |  | 
                16 total
 » build order
                00:14 Graveyard
00:18 Crypt
00:26 Ziggurat
00:47 Altar of Darkness
01:02 Tomb of Relics
01:51 Ziggurat
04:08 Halls of the Dead
04:26 Ziggurat
04:49 Ziggurat
06:40 Sacrificial Pit
07:20 Black Citadel
08:39 Ziggurat
08:40 Ziggurat
08:42 Ziggurat
09:41 Boneyard
10:07 Boneyard
» items
                
                | Rod of Necromancy | 1 |  | 
| Scroll of Town Portal | 2 |  | 
| Orb of Corruption | 1 |  | 
                4 total
  
               
              
              
Gg-No-Re-Enj0y (
purple | 54 APM | 763 actions | 14:00)
              
 3 Priestess of the Moon 
 1 Searing Arrows
 2 Trueshot Aura
 1 Keeper of the Grove 
 1 Entangling Roots
 
                » actions 
                
                | Assign group hotkey | 28 |  | 
| Basic commands | 21 |  | 
| Build / train | 50 |  | 
| Enter build submenu | 16 |  | 
| Enter hero's abilities submenu | 3 |  | 
| Right click | 238 |  | 
| Select / deselect | 123 |  | 
| Select group hotkey | 247 |  | 
| Use ability | 37 |  | 
                763 total
 » units 
                
                | Wisp | 25 |  | 
| Huntress | 3 |  | 
| Mountain Giant | 5 |  | 
                33 total
 » upgrades
                
                | Reinforced Hides | 1 |  | 
| Strength of the Wild | 2 |  | 
                3 total
 » buildings
                
                | Altar of Elders | 1 |  | 
| Moon Well | 5 |  | 
| Hunter's Hall | 1 |  | 
| Ancient of War | 1 |  | 
| Tree of Ages | 1 |  | 
| Ancient of Wonders | 1 |  | 
| Ancient of Lore | 2 |  | 
| Tree of Life | 1 |  | 
| Ancient Protector | 4 |  | 
                17 total
 » build order
                00:21 Altar of Elders
00:35 Moon Well
01:52 Hunter's Hall
01:57 Ancient of War
02:03 Moon Well
02:31 Moon Well
03:03 Tree of Ages
04:00 Ancient of Wonders
04:55 Moon Well
05:31 Ancient of Lore
05:33 Ancient of Lore
06:22 Moon Well
08:20 Tree of Life
08:28 Ancient Protector
09:24 Ancient Protector
10:15 Ancient Protector
10:49 Ancient Protector
» items
                 
               
              
              
Tog.NUKE (
blue | 41 APM | 548 actions | 13:12)
              
 1 Blademaster 
 1 Wind Walk
 
                » actions 
                
                | Assign group hotkey | 1 |  | 
| Build / train | 28 |  | 
| Enter build submenu | 14 |  | 
| Enter hero's abilities submenu | 1 |  | 
| Right click | 277 |  | 
| Select / deselect | 184 |  | 
| Select group hotkey | 2 |  | 
| Use ability | 41 |  | 
                548 total
 » units 
                » upgrades
                
                | Ranged Weapons | 2 |  | 
| Liquid Fire | 1 |  | 
                3 total
 » buildings
                
                | Altar of Storms | 1 |  | 
| Orc Burrow | 4 |  | 
| War Mill | 1 |  | 
| Stronghold | 3 |  | 
| Watch Tower | 3 |  | 
| Voodoo Lounge | 1 |  | 
| Beastiary | 2 |  | 
| Fortress | 2 |  | 
                17 total
 » build order
                00:06 Altar of Storms
00:29 Orc Burrow
01:17 War Mill
01:55 Stronghold
01:55 Stronghold
01:56 Stronghold
02:30 Watch Tower
02:34 Watch Tower
02:47 Watch Tower
04:04 Voodoo Lounge
05:05 Beastiary
05:08 Beastiary
05:35 Orc Burrow
06:40 Orc Burrow
06:44 Orc Burrow
07:47 Fortress
07:48 Fortress
» items
                
                | Scroll of Town Portal | 1 |  | 
| Potion of Healing | 2 |  | 
| Orb of Lightning | 1 |  | 
                4 total
  
               
              
              
Trash (
orange | 65 APM | 851 actions | 13:05)
              
 1 Keeper of the Grove 
 1 Entangling Roots
 
                » actions 
                
                | Assign group hotkey | 9 |  | 
| Build / train | 35 |  | 
| Enter build submenu | 19 |  | 
| Enter hero's abilities submenu | 1 |  | 
| Right click | 422 |  | 
| Select / deselect | 198 |  | 
| Select group hotkey | 120 |  | 
| Use ability | 47 |  | 
                851 total
 » units 
                
                | Wisp | 17 |  | 
| Archer | 1 |  | 
| Huntress | 4 |  | 
| Dryad | 4 |  | 
                26 total
 » upgrades
                
                | Abolish Magic | 1 |  | 
| Strength of the Wild | 2 |  | 
| Reinforced Hides | 1 |  | 
                4 total
 » buildings
                
                | Altar of Elders | 1 |  | 
| Moon Well | 6 |  | 
| Hunter's Hall | 1 |  | 
| Ancient of War | 1 |  | 
| Tree of Ages | 1 |  | 
| Tree of Life | 3 |  | 
| Ancient of Lore | 3 |  | 
| Ancient of Wonders | 1 |  | 
| Ancient Protector | 3 |  | 
                20 total
 » build order
                00:14 Altar of Elders
00:21 Moon Well
01:45 Hunter's Hall
01:57 Ancient of War
02:07 Moon Well
03:08 Tree of Ages
04:55 Moon Well
04:59 Tree of Life
05:39 Ancient of Lore
05:41 Ancient of Lore
05:46 Ancient of Lore
06:07 Tree of Life
07:15 Moon Well
08:21 Ancient of Wonders
09:17 Tree of Life
09:20 Ancient Protector
09:53 Ancient Protector
10:09 Ancient Protector
11:27 Moon Well
12:18 Moon Well
» items
                
                | Scroll of Town Portal | 1 |  | 
| Potion of Healing | 1 |  | 
                2 total
  
                Chat log
          (00:14 / All) YEAHSHESASSBATS: Nastia Liukin soviet spy
(00:38 / All) 298739283939208: NASTIA LUIKIN ALL AROUND CHAMP
(00:48 / All) 298739283939208: CHEATED OUT OF HER BARS GOLD MEDAL
(01:08 / All) 298739283939208: SHAWN JOHNSON GOLD IN THE BALANCE BEAM
(01:19 / All) Gg-No-Re-Enj0y: DDUE
(01:21 / All) Gg-No-Re-Enj0y: STFU
(01:22 / All) Gg-No-Re-Enj0y: GTFO
(01:23 / All) Gg-No-Re-Enj0y: MNAB
(01:25 / All) 298739283939208: LOL
(01:26 / All) 298739283939208: MANNER
(01:27 / All) 298739283939208: FAGGOT
(01:27 / All) YEAHSHESASSBATS: Shut up
(01:29 / All) Gg-No-Re-Enj0y: YES
(01:30 / All) Gg-No-Re-Enj0y: IDIOT
(01:31 / All) Gg-No-Re-Enj0y: GET MANNER
(01:32 / All) Gg-No-Re-Enj0y: DUMB FUCK
(01:35 / All) Gg-No-Re-Enj0y: TALK TO UR ALLIES
(01:36 / All) Gg-No-Re-Enj0y: NOT USA
(01:38 / All) 298739283939208: IM FUCKING MICHAEL PHELPS NIGGER
(01:48 / All) YEAHSHESASSBATS: No
(01:50 / All) 298739283939208: 8 FUCKING GOLDS
(01:53 / All) YEAHSHESASSBATS: Usain Bolt
(02:00 / All) YEAHSHESASSBATS: that guy who didn't try but raped
(03:32 / Allies) TIMG4STRok: get to 80 food please
(13:05 / All) YEAHSHESASSBATS: out
(13:07 / All) Gg-No-Re-Enj0y: gg wow
(13:10 / All) NADMaN: gg
(13:21 / All) Gg-No-Re-Enj0y: u newbs got really lucky that m team is fucken horrible
(13:24 / All) Gg-No-Re-Enj0y: gfg newbs get skills
(13:25 / All) YEAHSHESASSBATS: yup
(13:25 / All) TIMG4STRok: including you
(13:25 / All) 298739283939208: LOL
(13:27 / All) TIMG4STRok: 1v1?
(13:28 / All) TIMG4STRok: ?
(13:29 / All) 298739283939208: 22-0
(13:30 / All) TIMG4STRok: stop dodging
(13:31 / All) Gg-No-Re-Enj0y: NOT FEED
(13:33 / All) 298739283939208: BABYCAKES
(13:34 / All) Gg-No-Re-Enj0y: DUMB ASS NEWBS
(13:34 / All) 298739283939208: LOL
(13:35 / All) Gg-No-Re-Enj0y: FEED MORE
(13:36 / All) TIMG4STRok: stop dodging
(13:36 / All) Gg-No-Re-Enj0y: LAWLLL
(13:36 / All) 298739283939208: ROFLE
(13:37 / All) TIMG4STRok: 1v1
(13:39 / All) Gg-No-Re-Enj0y: fEEDEN THE UD
(13:40 / All) TIMG4STRok: nice dodge
(13:41 / All) 298739283939208: ROFLE
(13:41 / All) Gg-No-Re-Enj0y: UR?
(13:43 / All) Gg-No-Re-Enj0y: LAWLLLLL
(13:43 / All) TIMG4STRok: fed the orc thanks
(13:45 / All) 298739283939208: FEED THE ORC
(13:46 / All) 298739283939208: LOL
(13:49 / All) Gg-No-Re-Enj0y: I DONT 1V1  50% NEWBS WHO RELIE ON FEED
(13:50 / All) 298739283939208: SEARCH AGAIN
(13:51 / All) Gg-No-Re-Enj0y: NTY TRASH
(13:52 / All) Gg-No-Re-Enj0y: gET SKILLS
(13:53 / All) 298739283939208: GET YOUR A TEAM
(13:53 / All) Gg-No-Re-Enj0y: NOT FEED
(13:54 / All) 298739283939208: TRASH
(13:55 / All) TIMG4STRok: lmao
(13:57 / All) 298739283939208: OR DONT PLAY 4S
(13:57 / All) TIMG4STRok: 22-0
(13:58 / All) 298739283939208: ROFLE
(13:59 / All) Gg-No-Re-Enj0y: THANX U TYPICAL 4V4 EAST AMERICAN HACKEN NEWBS
(13:59 / All) TIMG4STRok: sorry